 Dungeon Crawl Stone Soup version 0.25.1-2-g60ff931 (webtiles) character file.

Game seed: 13044577465996666456

85 Golfball the Skirmisher (level 4, -1/30 HPs)
             Began as a Gargoyle Fighter on Aug 17, 2020.
             Killed from afar by Sigmund (7 damage)
             ... with a puff of flame
             ... on level 2 of the Dungeon.
             The game lasted 00:04:19 (1178 turns).

Golfball the Skirmisher (Gargoyle Fighter)          Turns: 1178, Time: 00:04:20

Health: -1/30      AC: 10    Str: 19    XL:     4   Next: 48%
Magic:  4/4        EV:  7    Int: 15    God:
Gold:   61         SH:  0    Dex: 10    Spells: 3/3 levels left

rFire    . . .     SeeInvis .   a - +0 flail
rCold    + . .     Gourm    .   c - +0 kite shield
rNeg     + . .     Faith    .   b - +0 scale mail
rPois    ∞         Spirit   .   (no helmet)
rElec    +         Reflect  .   (no cloak)
rCorr    .         Harm     .   (no gloves)
MR       .....                  (no boots)
Stlth    ..........             (no amulet)
HPRegen  0.10/turn              m - +6 ring of intelligence
MPRegen  0.09/turn              s - ring of protection from cold

@: confused
A: negative energy resistance 1, electricity resistance, unbreathing,
petrification resistance, rot immunity, AC +3
a: no special abilities


You were on level 2 of the Dungeon.
You were not hungry.

You visited 1 branch of the dungeon, and saw 2 of its levels.

You collected 61 gold pieces.

Inventory:

Hand Weapons
 a - a +0 flail (weapon)
 h - a +0 hand axe
Missiles
 e - 82 stones
 k - 7 boomerangs (quivered)
Armour
 b - a +0 scale mail (worn)
 c - a +0 kite shield (worn)
Jewellery
 m - a +6 ring of intelligence (left hand)
 p - an uncursed amulet of magic regeneration {unknown}
 s - a ring of protection from cold (right hand)
Scrolls
 j - a scroll of magic mapping {unknown}
 n - 6 scrolls of identify {unknown}
 u - a scroll of random uselessness {unknown}
Potions
 d - a potion of might
 g - a potion of flight {unknown}
 i - 2 potions of mutation {unknown}
 l - a potion of degeneration {unknown}
 o - 6 potions of ambrosia {unknown}
 q - a potion of haste {unknown}
 t - 2 potions of heal wounds {unknown}
Comestibles
 f - 3 rations
 r - a chunk of flesh


   Skills:
 + Level 4.6 Fighting
 + Level 3.5 Maces & Flails
 - Level 3.2 Armour
 - Level 3.2 Shields


You had 3 spell levels left.
You didn't know any spells.
Your spell library was empty.

Dungeon Overview and Level Annotations

Branches:
Dungeon (2/15)

Altars:
Dithmenos

Annotations:
D:2 Sigmund


Innate Abilities, Weirdness & Mutations

You are resistant to torment.
Your stone body is resilient. (AC +3)
You are immune to poison.
You resist negative energy. (rN+)
You are resistant to electric shocks. (rElec)
You can survive without breathing.
You are immune to petrification.
You are immune to rotting.


Message History

You barely miss something. Something hits you.
You completely miss something. Something hits you but does no damage.
You miss something.
You hear some strange, mumbled words.
You are confused.
You bump into the rock wall.
You hear some strange, mumbled words.
You are more confused.
You bump into the rock wall.
Something hits you.
You miss something.
You bump into the rock wall.
You hear some strange, mumbled words.
A magic dart appears from out of thin air!
The magic dart hits you.
* * * LOW HITPOINT WARNING * * *
Your shield and scale mail prevent you from hitting something.
You hear some strange, mumbled words.
A puff of flame appears from out of thin air!
The puff of flame hits you!
You die...

#.## #.....
#..#..#.#
#####..###.###
#.##[.#.#
.........##.#
..##..#.#
#######..##.#
.........
########..##.#
##########.#
#.........##.#
#.....# ..
#.######..##.###...#
... #.#......{..##
.## #.......@....#
.. ############....
###


There were no monsters in sight!

Vanquished Creatures
  Jessica (D:2)
  An adder (D:2)
  2 oozes (D:1)
  2 dart slugs
  2 leopard geckos (D:1)
  2 bats
  2 goblins (D:1)
  6 hobgoblins
  2 jackals (D:1)
  3 quokkas (D:2)
  5 frilled lizards (D:1)
  8 kobolds
  A rat (D:1)
37 creatures vanquished.

Notes
Turn   | Place    | Note
-------+----------+-------------------------------------------
     0 | D:1      | Golfball the Gargoyle Fighter began the quest for the Orb.
     0 | D:1      | Reached XP level 1. HP: 14/14 MP: 1/1
   141 | D:1      | Reached XP level 2. HP: 19/19 MP: 2/2
   449 | D:1      | Reached XP level 3. HP: 23/24 MP: 3/3
   483 | D:1      | Reached skill level 4 in Fighting
   826 | D:2      | Noticed Jessica
   833 | D:2      | Killed Jessica
   833 | D:2      | Reached XP level 4. HP: 29/30 MP: 4/4
   961 | D:2      | Found a shadowy altar of Dithmenos.
  1151 | D:2      | Noticed Sigmund
  1178 | D:2      | Killed from afar by Sigmund

Illustrated notes

Levels and vault maps discovered:
D:1:      minmay_arrival_checkered_box, layout_loops_ring
D:2:      layout_loops_ring, overflow_temple_1_default,
          nicolae_overflow_crystal_walls, gammafunk_temple_overflow_wave,
          nicolae_dithmenos_through_a_glass_darkly, uniq_jessica, uniq_sigmund

Skill      XL: |  1  2  3 |
---------------+----------+-----
Fighting       | 4 |  4.6
Maces & Flails | 3 |  3.5
Armour         | |  3.2
Shields        | |  3.2

Action                   |  1- 3 |  4- 6 || total
-------------------------+-------+-------++-------
Melee: Flail             |    98 |    44 ||   142
  Eat: Chunk             |       |     1 ||     1
Armor: Scale mail        |    46 |    12 ||    58
Dodge: Dodged            |    29 |    16 ||    45
Block: Kite shield       |    30 |    12 ||    42
